 Dungeon Crawl Stone Soup version bcrawl-1.36.4 (webtiles) character file.

Game seed: 665808348906023339

480051 Darthill6464 the Champion of Chaos (level 15, -10/116 HPs)
             Began as a Demonspawn Gladiator on Aug 9, 2022.
             Was the Champion of Makhleb.
             Splashed by an oklob plant's acid (12 damage)
             ... on level 2 of the Swamp.
             The game lasted 00:54:51 (25969 turns).

Darthill6464 the Champion of Chaos (DsGl)          Turns: 25969, Time: 00:54:52

Health: -10/116    AC: 11    Str: 25    XL:     15   Next: 91%
Magic:  0/24       EV: 11    Int: 13    God:    Makhleb [******]
Gold:   715        SH:  0    Dex: 14    Spells: 18/24 levels left

rFire    + + +     SeeInvis .   M - +10 glaive "Fonnapti" {elec, rF+++ rN++ Int-2}
rCold    + . .     Gourm    .   (shield currently unavailable)
rNeg     + + +     Faith    .   K - +6 scale mail {rN+}
rPois    .         Spirit   +   (helmet unavailable)
rElec    .         Reflect  .   q - scarf {Spirit}
rCorr    .                      I - +0 pair of gloves
MR       +....                  Z - +0 pair of boots
Stlth    +.........             j - amulet of magic regeneration
HPRegen  0.29/turn              O - ring of protection from cold
MPRegen  0.51/turn              A - +4 ring of intelligence

@: mighty, grasped by roots, corroded, hasted, constricted, studying Armour,
very quick
A: horns 3, iridescent scales 1, fire resistance 1, negative energy resistance
1, powered by pain 3, flame cloud immunity
a: Minor Destruction, Hew, Major Destruction, Greater Servant of Makhleb,
Renounce Religion


You were on level 2 of the Swamp.
You worshipped Makhleb.
Makhleb was exalted by your worship.
You were hungry.

You visited 5 branches of the dungeon, and saw 22 of its levels.

You collected 2260 gold pieces.
You spent 1545 gold pieces at shops.

Inventory:

Hand Weapons
 h - the +9 rapier of Sioptare {drain, rElec Int-3 Stlth+}
   (You found it on level 6 of the Lair of Beasts)

   A truly terrible weapon, it drains the life of those it strikes.
   It affects your intelligence (-3).
   It insulates you from electricity.
   It makes you more stealthy.
 M - the +10 glaive "Fonnapti" (weapon) {elec, rF+++ rN++ Int-2}
   (You found it on level 2 of the Lair of Beasts)

   Occasionally, upon striking a foe, it will discharge some electrical energy
   and cause terrible harm.
   It affects your intelligence (-2).
   It renders you almost immune to fire.
   It greatly protects you from negative energy.
 U - a +2 scimitar of flaming
Missiles
 d - 6 throwing nets {=f}
 t - 756 poisoned tomahawks (quivered)
Armour
 q - a scarf of spirit shield (worn)
 I - a +0 pair of gloves (worn)
 K - a +6 scale mail of positive energy (worn)
 Y - the +1 scale mail of Yredelemnul's Esteem {Int+7}
   (You found it on level 1 of the Lair of Beasts)

   It affects your intelligence (+7).
 Z - a +0 pair of boots (worn)
Jewellery
 f - a cursed ring of stealth
 j - an amulet of magic regeneration (around neck)
 u - an uncursed amulet of the acrobat
 A - a +4 ring of intelligence (right hand)
 N - an uncursed ring of positive energy
 O - a ring of protection from cold (left hand)
Wands
 b - a wand of charming (16)
 s - a wand of iceblast (16)
 z - a wand of paralysis (28)
 D - a wand of flame (15)
 L - a wand of polymorph (14)
 R - a wand of random effects (36)
Scrolls
 a - a scroll of fog {unknown}
 c - a scroll of enchant armour
 i - 4 scrolls of identify
 m - a scroll of amnesia {unknown}
 o - 7 scrolls of magic mapping
 r - 8 scrolls of remove curse
 x - 8 scrolls of teleportation
 y - a scroll of fear
 C - 4 scrolls of enchant weapon
 F - 4 scrolls of immolation
 G - a scroll of summoning
 P - a scroll of blinking
 Q - a scroll of brand weapon {unknown}
 S - a scroll of acquirement {unknown}
Potions
 g - a potion of ambrosia {unknown}
 k - 4 potions of agility
 l - 5 potions of flight
 n - 2 potions of invisibility {unknown}
 p - 2 potions of brilliance
 v - 2 potions of resistance {unknown}
 w - 3 potions of haste
 W - 3 potions of mutation
 X - 2 potions of lignification {unknown}
Miscellaneous
 V - a box of beasts
Comestibles
 e - 35 rations {!d}


   Skills:
 + Level 10.3 Fighting
 + Level 10.9 Long Blades
 + Level 11.5 Polearms
 + Level 10.3 Throwing
 + Level 8.9 Armour
 + Level 7.6 Dodging
 + Level 4.8 Stealth
 * Level 5.2 Spellcasting
 * Level 4.5 Transmutations
 * Level 4.4 Earth Magic
 + Level 13.2 Invocations


You had 18 spell levels left.
You knew the following spells:

 Your Spells              Type           Power        Failure   Level  Hunger
a - Statue Form           Tmut/Erth      ###......    100%        6    #######

Your spell library contained the following spells:

 Spells                   Type           Power        Failure   Level  Hunger
 Sandblast                Erth           ##....       6%          1    None
 Passwall                 Tmut/Erth      ###.....     9%          2    None
 Apportation              Tloc           #.....       36%         1    None
 Blink Other              Tloc           #.....       36%         1    None
 Stone Arrow              Conj/Erth      #.....       41%         3    ##.....
 Blink                    Tloc           N/A          50%         2    None
 Petrify                  Tmut/Erth      ###.......   52%         4    ####...
 Portal Projectile        Tloc           #.....       75%         3    ##.....
 Teleport Other           Tloc           #.......     75%         3    ##.....
 Lee's Rapid Deconstruct  Erth           ##........   86%         5    ######.
 Bolt of Magma            Conj/Fire/Erth #.........   99%         5    ######.
 Passage of Golubria      Tloc           N/A          100%        5    ######.


Dungeon Overview and Level Annotations

Branches:
Dungeon (12/12)            Temple (0/1) D:6            Lair (6/6) D:7
  Swamp (2/3) Lair:3       Spider (0/3) Lair:3        Slime (0/5) Lair:5
    Orc (1/1) D:8             Elf (0/3) Orc          Vaults (1/3) D:11
 Depths (0/5) D:12
 Shoals: Lair:2-4     Snake: Lair:2-4     Crypt: Vaults:1-2

Altars:
Dithmenos
Kikubaaqudgha
Makhleb
Vehumet
Xom
Zin
Beogh
Jiyva

Shops:
D:8 *   Orc ::*[

Annotations:
D:4 1 runed door
D:10 1 runed translucent door, DispositionalMagic's ghost, journeyman VSMA
Lair:5 1 runed door
Swamp:2 exclusion: oklob plant


Innate Abilities, Weirdness & Mutations

You have a pair of large horns on your head.
You are partially covered in iridescent scales. (AC +2)
Your flesh is heat resistant. (rF+)
You resist negative energy. (rN+)
You are powered by pain.
You are immune to clouds of flame.


Message History

The shambling mangrove closely misses you.
* * * LOW HITPOINT WARNING * * *
The grasping roots constrict you!
You feel very mighty all of a sudden.
You slice the shambling mangrove!!
You headbutt the shambling mangrove, but do no damage.
The shambling mangrove is moderately damaged.
The shambling mangrove barely misses you.
* * * LOW HITPOINT WARNING * * *
The grasping roots constrict you!
You hit the shambling mangrove.
You headbutt the shambling mangrove, but do no damage.
The shambling mangrove is moderately damaged.
You hit the shambling mangrove but do no damage.
The shambling mangrove is moderately damaged.
The oklob plant spits acid at you. The splash of acid hits you.
* * * LOW HITPOINT WARNING * * *
The acid corrodes you!
You are splashed with acid!
You die...

...≈≈≈....♣.....)♣
♣.P.......♣......♣♣
..≈♣.....♣♣...♣.♣♣♣
♣P..≈♣♣≈≈..P♣♣♣♣♣
♣.....P.P.♣.♣
♣.P.....♣♣♣.♣
♣.....♣.♣ ..♣
♣♣..♣Pf♣♣ ♣..
♣...@.♣ ♣.≈ ♣♣♣P♣♣♣
.. ♣♣


You could see a shambling mangrove and an oklob plant.

Vanquished Creatures
  Rupert (Lair:6)
  2 thorn hunters (Swamp:2)
  Roxanne (D:12)
  An orc warlord (Orc)
  A juggernaut skeleton (D:12)
  3 fire dragons
  Josephine (Swamp:1)
  Harold (Lair:2)
  An ice dragon (Vaults:1)
  8 hydras
  Erica (D:11)
  An ogre mage (D:11)
  2 catoblepae (Lair:6)
  7 two-headed ogres
  3 alligators
  2 tengu warriors
  4 orc high priests (Orc)
  5 death yaks
  A vampire mage (D:12)
  A goliath frog (Swamp:1)
  A wizard (Vaults:1)
  An unseen horror (D:11)
  2 lindwurms (Lair:6)
  A swamp dragon (Lair:6)
  A necromancer (D:12)
  A cyclops (D:12)
  4 orc knights (Orc)
  A wolf spider zombie (D:11)
  7 ugly things
  2 deep elf magi
  A stone giant zombie (D:12)
  5 orc sorcerers (Orc)
  A manticore (D:9)
  A salamander (shapeshifter) (D:10)
  A moth of wrath (shapeshifter) (D:11)
  A frost giant skeleton (D:12)
  4 will-o'-wisps (Swamp:1)
  6 elephants
  16 cane toads
  5 black mambas
  7 torpor snails
  A spriggan skeleton (D:12)
  4 jumping spiders (Lair:3)
  4 rime drakes
  An eye of draining (D:8)
  6 komodo dragons
  2 guardian mummies (D:12)
  A polar bear (shapeshifter) (D:10)
  7 trolls
  3 polar bears (Lair:4)
  8 hornets
  Grinder (D:6)
  4 harpy skeletons
  10 hippogriffs
  4 tyrant leeches
  8 blink frogs (Lair:6)
  2 bog bodies (Swamp:1)
  7 slime creatures
  8 dream sheep (Lair:6)
  A shadow (D:12)
  2 wyverns (D:7)
  5 wraiths
  A spriggan (shapeshifter) (D:10)
  46 yaks
  A steam dragon (D:8)
  4 basilisks
  13 redbacks
  5 swamp worms
  A warg (Orc)
  5 vampire mosquitoes (Swamp:1)
  11 crocodiles
  3 acid dragons
  5 water moccasins
  8 porcupines
  2 sky beasts
  2 hornet zombies
  35 orc warriors
  A soldier ant (D:11)
  11 swamp drakes
  2 ice beasts (D:9)
  A necrophage (D:10)
  2 phantoms
  21 ogres
  21 wolves
  A kobold brigand (D:9)
  9 bullfrogs
  Blork the orc (D:4)
  A gnoll sergeant (D:8)
  6 centaurs
  2 water moccasin skeletons
  2 scorpions
  A killer bee (D:6)
  6 wights (D:9)
  An electric eel (Lair:2)
  5 howler monkeys
  27 orc priests
  5 crimson imps
  A quasit (D:4)
  2 bullfrog zombies
  A bullfrog skeleton (D:5)
  A gnoll shaman (D:10)
  6 hounds
  4 jellies
  7 iguanas
  19 orc wizards
  8 worker ants
  A hound zombie (D:5)
  A hound skeleton (D:5)
  A worker ant zombie (D:5)
  Robin (D:4)
  7 gnolls
  9 adders
  3 shadow imps
  12 white imps (Lair:5)
  6 oozes
  An adder zombie (D:8)
  An adder skeleton (D:7)
  A worm (D:2)
  A dart slug (D:2)
  3 leopard geckos
  112 orcs
  A ball python (D:2)
  5 bats
  8 goblins
  10 hobgoblins
  12 jackals
  4 quokkas
  4 frilled lizards (D:1)
  16 kobolds
  5 rats
  4 briar patches (Swamp:2)
  A fungus (Lair:2)
  A plant (Lair:6)
753 creatures vanquished.

Vanquished Creatures (others)
  25 fungi
  31 plants
56 creatures vanquished.

Grand Total: 809 creatures vanquished

Notes
Turn   | Place    | Note
-------+----------+-------------------------------------------
     0 | D:1      | Darthill6464 the Demonspawn Gladiator began the quest for
                  | the Orb.
     0 | D:1      | Reached XP level 1. HP: 18/18 MP: 1/1
   337 | D:1      | Gained mutation: You have a pair of small horns on your
                  | head. [demonic ancestry]
   337 | D:1      | Reached XP level 2. HP: 13/24 MP: 2/2
  1143 | D:2      | Found a burning altar of Makhleb.
  1156 | D:2      | Became a worshipper of Makhleb the Destroyer
  1206 | D:2      | Gained mutation: Your flesh is heat resistant. (rF+)
                  | [demonic ancestry]
  1206 | D:2      | Reached XP level 3. HP: 13/29 MP: 3/3
  2193 | D:3      | Reached * piety under Makhleb
  2215 | D:3      | Gained mutation: You have a pair of horns on your head.
                  | [demonic ancestry]
  2215 | D:3      | Reached XP level 4. HP: 35/35 MP: 4/4
  2346 | D:3      | Reached skill level 1 in Stealth
  2768 | D:4      | Reached skill level 1 in Armour
  2915 | D:4      | Noticed Robin
  3087 | D:4      | Killed Robin
  3088 | D:4      | Gained mutation: You sometimes gain a little power by
                  | taking damage. [demonic ancestry]
  3088 | D:4      | Reached XP level 5. HP: 41/41 MP: 5/5
  3233 | D:4      | Noticed an ogre
  3240 | D:4      | Killed an ogre
  3241 | D:4      | Reached XP level 6. HP: 19/48 MP: 6/6
  3245 | D:4      | Reached ** piety under Makhleb
  3610 | D:4      | Found a runed door.
  3672 | D:4      | Noticed Blork the orc
  3677 | D:4      | Killed Blork the orc
  3776 | D:5      | Entered Level 5 of the Dungeon
  3973 | D:4      | Gained mutation: You sometimes gain power by taking damage.
                  | [demonic ancestry]
  3973 | D:4      | Reached XP level 7. HP: 18/53 MP: 7/7
  4343 | D:5      | Reached skill level 5 in Long Blades
  4978 | D:5      | Reached skill level 1 in Invocations
  5220 | D:6      | Gained mutation: You are powered by pain. [demonic
                  | ancestry]
  5220 | D:6      | Reached XP level 8. HP: 61/61 MP: 7/9
  5328 | D:6      | Reached skill level 2 in Invocations
  5458 | D:6      | Found a shimmering altar of Xom.
  5504 | D:6      | Found a shimmering altar of Xom.
  5583 | D:6      | Noticed Grinder
  5597 | D:6      | Reached skill level 3 in Invocations
  5606 | D:6      | Paralysed by Grinder for 4 turns
  5616 | D:6      | Killed Grinder
  5722 | D:6      | Found a staircase to the Ecumenical Temple.
  6067 | D:6      | Found a glowing silver altar of Zin.
  6073 | D:6      | Reached *** piety under Makhleb
  6132 | D:6      | Reached skill level 4 in Invocations
  6860 | D:7      | Noticed a troll
  6866 | D:7      | Killed a troll
  6867 | D:7      | Reached skill level 5 in Fighting
  6867 | D:7      | Gained mutation: You are partially covered in iridescent
                  | scales. (AC +2) [demonic ancestry]
  6867 | D:7      | Reached XP level 9. HP: 40/68 MP: 12/12
  7191 | D:7      | Reached skill level 5 in Invocations
  7233 | D:7      | Reached skill level 5 in Throwing
  7253 | D:7      | Found a staircase to the Lair.
  7968 | D:8      | Reached skill level 6 in Invocations
  8045 | D:8      | Noticed a troll
  8052 | D:8      | Killed a troll
  8084 | D:8      | Found a staircase to the Orcish Mines.
  8192 | D:8      | Reached skill level 5 in Dodging
  8295 | D:8      | Reached XP level 10. HP: 72/76 MP: 10/15
  8536 | D:8      | Found Pamuych's General Store.
  8702 | D:8      | Reached skill level 7 in Invocations
  9140 | D:8      | Found a radiant altar of Vehumet.
  9205 | D:9      | Noticed a two-headed ogre
  9217 | D:9      | Killed a two-headed ogre
  9237 | D:9      | Noticed a two-headed ogre
  9245 | D:9      | Killed a two-headed ogre
  9246 | D:9      | Reached skill level 8 in Invocations
  9305 | D:9      | Got a spiked cloak
  9439 | D:9      | Noticed a deep elf mage
  9442 | D:9      | Noticed a mana viper
  9449 | D:9      | Killed a deep elf mage
  9475 | D:9      | Noticed a manticore
  9481 | D:9      | Killed a manticore
  9481 | D:9      | Reached **** piety under Makhleb
  9494 | D:9      | Reached XP level 11. HP: 60/83 MP: 10/17
  9790 | D:9      | Noticed a tengu warrior
  9790 | D:9      | Noticed a tengu warrior
  9839 | D:8      | Killed a tengu warrior
  9840 | D:8      | Reached skill level 9 in Invocations
  9855 | D:8      | Identified the +0 cloak of the Thunderstorm {rCorr} (You
                  | found it on level 9 of the Dungeon)
  9942 | D:9      | Killed a tengu warrior
 10030 | D:9      | Noticed a two-headed ogre
 10036 | D:9      | Killed a two-headed ogre
 10828 | D:10     | Entered Level 10 of the Dungeon
 10828 | D:10     | Noticed an orb spider
 10838 | D:10     | an orb spider changed into a spriggan
 10842 | D:10     | Reached skill level 10 in Invocations
 10909 | D:10     | Found a shadowy altar of Dithmenos.
 10975 | D:10     | Noticed a brown ugly thing
 10983 | D:10     | Killed a brown ugly thing
 11033 | D:10     | Found a runed translucent door.
 11033 | D:10     | Noticed DispositionalMagic's ghost (journeyman VSMA)
 11041 | D:10     | Noticed a brown ugly thing
 11050 | D:10     | Killed a brown ugly thing
 11422 | D:10     | Reached ***** piety under Makhleb
 11809 | D:11     | Noticed Erica
 11817 | D:11     | Killed an unseen horror
 11831 | D:11     | Killed Erica
 12205 | D:11     | Noticed a swamp dragon
 12205 | D:11     | a swamp dragon changed into a moth of wrath
 12207 | D:11     | Noticed a two-headed ogre
 12209 | D:11     | Noticed a two-headed ogre
 12211 | D:11     | Noticed an ogre mage
 12212 | D:11     | Reached skill level 5 in Armour
 12212 | D:11     | Reached skill level 11 in Invocations
 12212 | D:11     | Gained mutation: You resist negative energy. (rN+) [demonic
                  | ancestry]
 12212 | D:11     | Reached XP level 12. HP: 92/92 MP: 20/20
 12212 | D:11     | Killed a two-headed ogre
 12219 | D:11     | Killed a two-headed ogre
 12236 | D:11     | Killed an ogre mage
 12237 | D:11     | Found a gate to the Vaults.
 12803 | D:11     | Reached skill level 10 in Long Blades
 13119 | D:12     | Entered Level 12 of the Dungeon
 13302 | D:12     | Noticed a vampire mage
 13317 | D:12     | Noticed Roxanne
 13580 | D:12     | Killed a vampire mage
 13714 | D:12     | Killed Roxanne
 13715 | D:12     | Reached skill level 12 in Invocations
 13715 | D:12     | Identified Roxanne's Compendium of Stones (You took it off
                  | Roxanne on level 12 of the Dungeon)
 14024 | Lair:1   | Entered Level 1 of the Lair of Beasts
 14247 | Lair:1   | Reached XP level 13. HP: 48/99 MP: 14/22
 14559 | Lair:1   | Got a glimmering scale mail
 15269 | Lair:2   | Identified the cursed +1 scale mail of Yredelemnul's Esteem
                  | {Int+7} (You found it on level 1 of the Lair of Beasts)
 15290 | Lair:2   | Got a bloodstained glaive
 15291 | Lair:2   | Identified the +10 glaive "Fonnapti" {elec, rF+++ rN++
                  | Int-2} (You found it on level 2 of the Lair of Beasts)
 15468 | Lair:2   | Reached skill level 13 in Invocations
 15530 | Lair:2   | Reached ****** piety under Makhleb
 15534 | Lair:2   | Noticed Harold
 15554 | Lair:2   | Killed Harold
 15555 | Lair:2   | Reached skill level 1 in Polearms
 16225 | Lair:3   | HP: 3/99 [jumping spider (16)]
 16377 | Lair:3   | Found a hole to the Spider Nest.
 16718 | Lair:3   | Found a staircase to the Swamp.
 17507 | Lair:4   | Reached skill level 5 in Polearms
 18300 | Lair:5   | Found a viscous altar of Jiyva.
 18309 | Lair:5   | Found a runed door.
 18309 | Lair:5   | Noticed an acid blob
 18309 | Lair:5   | Noticed an acid blob
 18313 | Lair:5   | Found a staircase to the Slime Pits.
 18314 | Lair:5   | Noticed an acid blob
 18548 | Lair:5   | Gained mutation: You are immune to clouds of flame.
                  | [demonic ancestry]
 18548 | Lair:5   | Reached XP level 14. HP: 90/108 MP: 16/23
 18682 | Lair:5   | Found a frozen archway.
 19267 | Lair:6   | Entered Level 6 of the Lair of Beasts
 19517 | Lair:6   | Reached skill level 10 in Throwing
 19780 | Lair:6   | Noticed Rupert
 19821 | Lair:5   | Learned a level 6 spell: Statue Form
 19964 | Lair:6   | Reached skill level 1 in Earth Magic
 19979 | Lair:6   | Reached skill level 1 in Spellcasting
 20019 | Lair:6   | Killed Rupert
 20020 | Lair:6   | Reached skill level 1 in Transmutations
 20361 | Lair:6   | Found a runed door.
 20861 | Lair:6   | Reached skill level 10 in Polearms
 21024 | Lair:6   | Got a scorched rapier
 21036 | Lair:6   | Identified the +9 rapier of Sioptare {drain, rElec Int-3
                  | Stlth+} (You found it on level 6 of the Lair of Beasts)
 21394 | Orc      | Entered the Orcish Mines
 21457 | Orc      | Gained mutation: You have a pair of large horns on your
                  | head. [demonic ancestry]
 21457 | Orc      | Reached XP level 15. HP: 115/115 MP: 24/24
 21605 | Orc      | Noticed an orc warlord
 21632 | Orc      | Killed an orc warlord
 21800 | Orc      | Found a roughly hewn altar of Beogh.
 21874 | Orc      | Found Foshrozox's Assorted Antiques.
 22097 | Orc      | Found a roughly hewn altar of Beogh.
 22326 | Orc      | Found Qocvief's Book Emporium.
 22337 | Orc      | Found Giheuxto's Book Shoppe.
 22351 | Orc      | Bought a manual of Armour for 1545 gold pieces
 22472 | Orc      | Reached skill level 10 in Fighting
 22485 | Orc      | Paralysed by an orc sorcerer for 4 turns
 22718 | Orc      | Found a staircase to the Elven Halls.
 23044 | Orc      | Found Penweaq's Antique Armour Shop.
 23696 | D:12     | Found an ancient bone altar of Kikubaaqudgha.
 23776 | D:12     | Found a staircase to the Depths.
 24149 | Vaults:1 | Entered Level 1 of the Vaults
 24510 | Swamp:1  | Entered Level 1 of the Swamp
 24562 | Swamp:1  | Noticed Josephine
 24567 | Swamp:1  | Killed Josephine
 25540 | Swamp:2  | Reached skill level 5 in Spellcasting
 25690 | Swamp:2  | Noticed a thorn hunter
 25705 | Swamp:2  | Killed a thorn hunter
 25800 | Swamp:2  | Noticed a thorn hunter
 25821 | Swamp:2  | Killed a thorn hunter
 25967 | Swamp:2  | HP: 3/116 [shambling mangrove (6)]
 25969 | Swamp:2  | Splashed by an oklob plant's acid

Skill      XL: |  1  2  3  4  5  6  7  8  9 10 11 12 13 14 15 |
---------------+----------------------------------------------+-----
Dodging        | 3 4 5 6 7 |  7.6
Long Blades    | 3 4 5 6 7 8 9 10 | 10.9
Stealth        | 1 2 3 4 |  4.8
Armour         | 1 2 3 4 5 6 7 8 |  8.9
Throwing       | 2 3 4 6 7 8 9 10 | 10.3
Fighting       | 4 5 6 7 8 9 10 | 10.3
Invocations    | 1 4 6 8 11 12 13 | 13.2
Polearms       | 7 10 11 | 11.5
Earth Magic    | 2 4 |  4.4
Spellcasting   | 2 5 |  5.2
Transmutations | 2 4 |  4.5

Action                   |  1- 3 |  4- 6 |  7- 9 | 10-12 | 13-15 || total
-------------------------+-------+-------+-------+-------+-------++-------
Melee: Long sword        |   104 |   108 |   198 |   187 |       ||   597
       Headbutt          |    16 |    21 |    40 |   116 |   205 ||   398
       Great sword       |       |       |       |   120 |       ||   120
       Scimitar          |       |       |       |   199 |   104 ||   303
       Glaive            |       |       |       |       |  1080 ||  1080
Throw: Tomahawk          |       |    25 |   156 |   241 |   144 ||   566
Invok: Minor Destruction |       |       |     7 |    58 |    47 ||   112
  Use: Scroll            |       |       |     3 |    16 |     7 ||    26
       Potion            |       |       |       |     4 |    12 ||    16
 Stab: Sleeping          |     8 |     2 |     4 |     5 |     8 ||    27
       Distracted        |       |       |     1 |       |     2 ||     3
       Petrified         |       |       |       |       |     5 ||     5
       Petrifying        |       |       |       |       |     1 ||     1
  Eat: Chunk             |     7 |     9 |    23 |    27 |    71 ||   137
       Ration            |       |       |       |     3 |     2 ||     5
Armor: Leather armour    |    24 |    33 |    34 |       |       ||    91
       Troll leather arm |       |       |     6 |    77 |       ||    83
       Scale mail        |       |       |       |    73 |   650 ||   723
Dodge: Dodged            |    82 |    96 |   115 |   351 |   922 ||  1566
Block: Other             |     1 |     2 |     9 |    49 |    14 ||    75
